 Dungeon Crawl Stone Soup version 0.31-a0-1002-g8e65716e6e (webtiles) character file.

Game seed: 9531094379708124814

140 Jannitor the Covert (level 5, -8/50 HPs)
             Began as a Naga Delver on Nov 9, 2023.
             Mangled by a gnoll
             ... wielding a +0 flail
              (12 damage)
             ... on level 2 of the Dungeon.
             The game lasted 00:05:11 (1085 turns).

Jannitor the Covert (Naga Delver)                   Turns: 1085, Time: 00:05:12

Health: -8/50      AC:  5    Str: 14    XL:     5   Next: 23%
Magic:  5/5        EV:  9    Int: 12    God:
Gold:   111        SH:  0    Dex: 13    Spells: 4/4 levels left

rFire   + . .        a - +1 mace
rCold   . . .        (no shield)
rNeg    . . .        k - +0 ring mail
rPois   +            l - +0 helmet
rElec   .            (no cloak)
rCorr   .            (no gloves)
SInv    +            (no barding)
Will    +....        (no amulet)
Stlth   +++          r - ring of protection from fire
HPRegen 0.28/turn    j - ring of willpower
MPRegen 0.09/turn

%: no passive effects
@: mighty, very slow
A: AC +1, large, see invisible, deformed body, poison resistance, slowness 2,
spit poison 1, naga tail 1
a: Spit Poison


You were on level 2 of the Dungeon.
You visited 1 branch of the dungeon, and saw 4 of its levels.

You collected 111 gold pieces.

Inventory:

Hand Weapons
 a - a +1 mace (weapon)
Missiles
 m - 2 poisoned darts
Armour
 b - a +0 leather armour
 k - a +0 ring mail (worn)
 l - a +0 helmet (worn)
Magical Staves
 n - a staff of death
Jewellery
 h - a ring of flight
 j - a ring of willpower (right hand)
 r - a ring of protection from fire (left hand)
Wands
 g - a wand of digging (10)
Scrolls
 c - a scroll of fog
 d - a scroll of revelation
 f - a scroll of identify
 p - a scroll of torment
Potions
 i - a potion of magic


   Skills:
 + Level 3.8 Fighting
 + Level 3.0 Maces & Flails
 + Level 0.5 Armour
 + Level 2.4 Dodging
 + Level 8.1 Stealth


You had 4 spell levels left.
You didn't know any spells.
Your spell library was empty.

Dungeon Overview and Level Annotations

Branches:
Dungeon (5/15)
 Temple: D:4-7

Altars:

Annotations:
D:5 exclusion: phantom


Innate Abilities, Weirdness & Mutations

Your serpentine skin is tough. (AC +1)
You have supernaturally acute eyesight. (SInv)
Armour fits poorly on your strangely shaped body.
Your system is resistant to poisons. (rPois)
You cover ground very slowly.
You can spit poison.
You have a snake-like lower body.


Message History

Unknown command.
Aiming: Spit Poison (1% risk of failure)
Press: ? - help, Shift-Dir - straight line, f - gnoll, p - gnoll
Aim: a gnoll, wielding a +0 flail (65% to hit)
The splash of poison hits the gnoll!
The gnoll is poisoned.
The gnoll is severely wounded.
The gnoll hits you from afar with a +0 halberd!
Unknown command.
Unknown command.
The gnoll barely misses you. The gnoll attacks as it pursues you!
The gnoll closely misses you.
Found 10 gold pieces.
The gnoll barely misses you.
You have got your breath back.
You feel a bit more experienced.
A frilled lizard comes into view.
Found 11 gold pieces.
The gnoll attacks as it pursues you! The gnoll hits you with a +0 flail. x2
* * * LOW HITPOINT WARNING * * *
It was a potion of might.
You feel very mighty all of a sudden. The gnoll hits you with a +0 flail.
* * * LOW HITPOINT WARNING * * *
You barely miss the gnoll. The gnoll hits you with a +0 flail.
* * * LOW HITPOINT WARNING * * *
Okay, then.
Unknown command.
Okay, then.
Unknown command.
Unknown command.
You barely miss the gnoll. The gnoll closely misses you.
The gnoll shouts!
You hit the gnoll.
The gnoll is heavily wounded.
You hear an angry hiss.
The gnoll closely misses you.
You barely miss the gnoll.
The gnoll is moderately wounded.
The gnoll hits you with a +0 flail!
You die...

#. ### #.# #.. ##..
#.#
#...#..#########.#
#........g.......#
....##.###########
# #.# #.#
######.###########
.....l$..gg@.......
#######.###########
#.# #.# #.# #.# #.#
#$


You could see 2 gnolls and a frilled lizard.

Vanquished Creatures
  2 hounds
  An orc priest (D:5)
  An adder (D:3)
  2 gnolls
  A worm (D:3)
  5 orcs (D:5)
  A ball python (D:4)
  2 bats (D:3)
  2 endoplasms (D:4)
  A hobgoblin (D:3)
  A quokka (D:3)
19 creatures vanquished.

Notes
Turn   | Place    | Note
-------+----------+-------------------------------------------
     0 | D:5      | Jannitor the Naga Delver began the quest for the Orb.
     0 | D:5      | Reached XP level 1. HP: 21/21 MP: 1/1
    62 | D:5      | Noticed a gnoll bouda
    77 | D:5      | Reached XP level 2. HP: 28/28 MP: 2/2
   182 | D:5      | Reached XP level 3. HP: 23/34 MP: 3/3
   238 | D:5      | Noticed a phantom
   323 | D:5      | Reached XP level 4. HP: 23/42 MP: 4/4
   708 | D:4      | Reached skill level 8 in Stealth
   771 | D:3      | Reached XP level 5. HP: 50/50 MP: 5/5
  1085 | D:2      | Mangled by a gnoll

Illustrated notes

Levels and vault maps discovered:
D:2:      layout_basic
D:3:      layout_basic
D:4:      layout_loops_cross, grunt_temple_overflow_order_and_chaos_2,
          lemuel_doored_altar, grunt_decor_junction
D:5:      layout_loops_ring

Skill      XL: |  1  2  3  4 |
---------------+-------------+-----
Dodging        | 2 |  2.4
Maces & Flails | 3 |  3.0
Stealth        | 8 |  8.1
Fighting       | |  3.8
Armour         | |  0.5

Action                     |  1- 3 |  4- 6 || total
---------------------------+-------+-------++-------
  Melee: Mace              |    10 |    44 ||    54
Ability: Spit Poison       |     5 |    16 ||    21
    Use: Potion            |     1 |     2 ||     3
         Scroll            |       |     4 ||     4
   Stab: Sleeping          |       |     1 ||     1
 Armour: Leather armour    |     3 |       ||     3
         Ring mail         |     2 |    46 ||    48
  Dodge: Dodged            |     4 |    38 ||    42

Table legend: (Time is in decaauts)
 A = Elapsed time spent in this place.
 B = Non-inter-level travel time spent in this place.
 C = Inter-level travel time spent in this place.
 D = Time resting spent in this place.
 E = Time spent auto-exploring this place.
 F = Levels seen in this place.
 G = Mean time per level.
                   A        B        C        D        E       F      G
               +--------+--------+--------+--------+--------+-----+--------+
         Total |   1344 |   1344 |      0 |    275 |    412 |   4 |  336.0 |
       Dungeon |   1344 |   1344 |      0 |    275 |    412 |   4 |  336.0 |
               +--------+--------+--------+--------+--------+-----+--------+

Top non-repeatable levels by time:
     D:5: 721 daAuts
     D:3: 247 daAuts
     D:4: 193 daAuts
     D:2: 182 daAuts
